 Dungeon Crawl Stone Soup version 0.26.0-10-g1f06aea511 (webtiles) character file.

Game seed: 17288187918481101897

263 Borgoz the Skirmisher (level 6, -3/53 HPs)
             Began as a Ghoul Gladiator on Jan 14, 2021.
             Slain by an ogre
             ... wielding a +0 giant club
              (19 damage)
             ... on level 4 of the Dungeon.
             The game lasted 00:04:01 (3088 turns).

Borgoz the Skirmisher (Ghoul Gladiator)             Turns: 3088, Time: 00:04:01

Health: -3/53      AC:  6    Str: 18    XL:     6   Next: 19%
Magic:  5/5        EV: 13    Int:  3    God:
Gold:   164        SH:  0    Dex: 12    Spells: 5/5 levels left

rFire    . . .     SeeInvis .   a - +0 long sword
rCold    + . .     Faith    .   (no shield)
rNeg     + + +     Spirit   .   b - +0 leather armour
rPois    ∞         Reflect  .   c - +1 helmet
rElec    .         Harm     .   (no cloak)
rCorr    .         Rampage  .   (no gloves)
Will     .....                  i - +0 pair of boots (curse)
Stlth    +.........             (no amulet)
HPRegen  0.00/turn              (no ring)
MPRegen  0.09/turn              (no ring)

@: no status effects
A: claws 1, cold resistance 1, negative energy resistance 3, inhibited
regeneration, torment resistance, unbreathing
a: no special abilities


You were on level 4 of the Dungeon.
You visited 1 branch of the dungeon, and saw 6 of its levels.

You collected 164 gold pieces.

Inventory:

Hand Weapons
 a - a +0 long sword (weapon)
Armour
 b - a +0 leather armour (worn)
 c - a +1 helmet (worn)
 i - a cursed +0 pair of boots (worn)
Scrolls
 e - a scroll of remove curse
 g - a scroll of identify
 j - a scroll of enchant weapon {unknown}
Potions
 f - 2 potions of invisibility
 h - a potion of magic {unknown}


   Skills:
 + Level 4.3 Fighting
 + Level 4.1 Long Blades
 - Level 1.7 Throwing
 + Level 4.1 Dodging


You had 5 spell levels left.
You didn't know any spells.
Your spell library contained the following spells:

 Spells                   Type           Power        Failure   Level
 Corona                   Hex            0%           58%         1
 Ensorcelled Hibernation  Hex/Ice        0%           73%         2
 Confusing Touch          Hex            0%           91%         3
 Dazzling Flash           Conj/Hex       0%           91%         3
 Tukima's Dance           Hex            0%           91%         3


Dungeon Overview and Level Annotations

Branches:
Dungeon (6/15)
 Temple: D:4-7

Altars:

Annotations:
D:4 2 runed translucent doors


Innate Abilities, Weirdness & Mutations

You thrive by killing the living.
You are immune to poison.
You have sharp fingernails.
Your flesh is cold resistant. (rC+)
You are immune to negative energy. (rN+++)
You do not regenerate when monsters are visible.
You are immune to unholy pain and torment.
You can survive without breathing.


Message History

The ogre is heavily wounded.
You hit the ogre.
The ogre is severely wounded.
The ogre hits you with a +0 giant club!!
You barely miss the ogre.
The ogre is severely wounded.
The ogre hits you with a +0 giant club!!
You are too injured to fight recklessly!
You are too injured to fight recklessly!
You are too injured to fight recklessly!
You are too injured to fight recklessly!
Okay, then.
You see here a worker ant corpse.
Throw: throwing net
Press: ? - help, Q - select action Shift-Dir - straight line, f - ogre
Aim: an ogre, wielding a +0 giant club (severely wounded)
You throw a throwing net.
The throwing net barely misses the ogre.
The ogre hits you with a +0 giant club!!
You die...

#.######.#
#.......[#######
#####.#....>....
#.#######... ###.#
## #####...##
..........#
.######...#
##@...##..#
#O####.#..#####..#
#..o#.##..........
#.#.##.'.##++##..#
#.##.##### cc8#
##) .)# .y^8# # ##
...)#. ...?#..
...8#..


You could see an ogre.

Vanquished Creatures
  An ogre (D:6)
  2 worker ants
  Robin (D:2)
  4 gnolls
  An adder (D:3)
  An adder skeleton (D:4)
  3 worms (D:2)
  3 leopard geckos
  3 giant cockroaches (D:1)
  5 hobgoblins
  12 jackals
  A bat (D:1)
  2 frilled lizards (D:1)
  8 goblins
  8 kobolds
  5 rats
60 creatures vanquished.

Notes
Turn   | Place    | Note
-------+----------+-------------------------------------------
     0 | D:1      | Borgoz the Ghoul Gladiator began the quest for the Orb.
     0 | D:1      | Reached XP level 1. HP: 17/17 MP: 0/0
   156 | D:1      | Reached XP level 2. HP: 19/25 MP: 1/1
   455 | D:1      | Reached XP level 3. HP: 30/30 MP: 2/2
  1376 | D:2      | Noticed Robin
  1643 | D:1      | Reached XP level 4. HP: 38/38 MP: 3/3
  1658 | D:2      | Killed Robin
  2423 | D:3      | You fall into a shaft and drop 3 floors!
  2430 | D:6      | Noticed an ogre
  2439 | D:6      | Killed an ogre
  2440 | D:6      | Reached XP level 5. HP: 31/46 MP: 4/4
  2537 | D:5      | Entered Level 5 of the Dungeon
  2866 | D:6      | Reached XP level 6. HP: 34/52 MP: 5/5
  3034 | D:4      | Found a large runed translucent door.
  3038 | D:4      | Found a large runed translucent door.
  3088 | D:4      | Slain by an ogre

Illustrated notes

Levels and vault maps discovered:
D:1:      dpeg_arrival_brainrot, layout_loops_ring
D:2:      layout_rooms, uniq_robin
D:3:      layout_loops_corners, chequers_ecumenical_altar_twisty, st_stairs_4,
          amcnicky_altar_lugonu_corruption, uniq_crazy_yiuf_cottage
D:4:      layout_loops_ring, chequers_serial_rivers_large_b,
          minmay_hollow_rounded_squares, uniq_grinder
D:5:      layout_gridville, minmay_temple_entry_slanted, grunt_decor_arrowhead,
          uniq_eustachio, uniq_sigmund, uniq_ijyb
D:6:      layout_rooms, uniq_maggie

Skill      XL: |  1  2  3  4  5 |
---------------+----------------+-----
Long Blades    | 3 4 |  4.1
Dodging        | 3 4 |  4.1
Fighting       | 3 4 |  4.3
Throwing       | |  1.7

Action                   |  1- 3 |  4- 6 || total
-------------------------+-------+-------++-------
Melee: Long sword        |   106 |   113 ||   219
Throw: Throwing net      |     2 |     2 ||     4
  Use: Potion            |     1 |       ||     1
       Scroll            |       |     3 ||     3
 Stab: Invisible         |     1 |       ||     1
Armor: Leather armour    |    30 |    21 ||    51
Dodge: Dodged            |    97 |    85 ||   182
       Rpst.: Long sword |    35 |    30 ||    65
